AoeStats
← Niazniaz

Arabia

510376455Analyzed
1v1 RM · 1d ago on Sep 30, 2026· 54m 39s· 2 players
Game mode
Random Map
Map size
Tiny (2 player)
Population
200
Speed
Normal
Resources
Standard
Victory
Conquest
Starting age
Dark Age
Ending age
Imperial Age
RankedLock teamsTeams togetherTeam positionsShared explorationLock speedFull tech treeHidden civsTurbo modeCheats
Victory
Defeat
🇮🇳 Sicilians · India
1359
+16
🇧🇬 Bulgarians · Bulgaria
1351
-16
SirDidko
7:47 Loom
9:55 Feudal Age
10:41 Double-Bit Axe
11:52 Horse Collar
15:34 Padded Archer Armor
18:46 Fletching
21:03 Wheelbarrow
23:39 Castle Age
21:43 Gold Mining
22:10 Stone Mining
24:19 Bodkin Arrow
24:40 Leather Archer Armor
25:35 Elite Skirmisher
36:01 Imperial Age
39:25 Bracer
40:56 Pikeman
41:38 Scale Mail Armor
42:28 Chain Mail Armor
41:35 Halberdier
42:36 Squires
42:50 Forging
47:34 Plate Mail Armor
48:46 Iron Casting
48:28 Town Watch
49:49 Bow Saw
51:17 Blast Furnace
51:14 Thumb Ring
51:51 Hand Cart
52:10 Conscription
54:17 Ballistics
Niazniaz
6:02 Loom
8:54 Feudal Age
9:22 Double-Bit Axe
9:53 Town Watch
10:53 Horse Collar
12:43 Fletching
20:51 Castle Age
21:42 Bow Saw
20:54 Crossbowman
21:30 Bodkin Arrow
22:42 Padded Archer Armor
30:30 Heavy Plow
31:29 Leather Archer Armor
38:40 Imperial Age
37:40 Scale Barding Armor
37:46 Forging
38:42 Chain Barding Armor
39:49 Wheelbarrow
39:50 Masonry
39:39 Light Cavalry
40:19 Husbandry
41:03 Plate Barding Armor
41:19 Conscription
41:50 Bracer
42:19 Bloodlines
44:11 Hand Cart
44:21 Ballistics
46:47 Iron Casting
47:02 Arbalester
47:30 Elite Skirmisher
49:12 Blast Furnace
49:24 Chemistry
48:42 Onager
49:45 Scale Mail Armor
50:56 Hoardings
51:50 Siege Onager
53:30 Siege Engineers
Connection lost

Rejoining the realm…

Still unreachable

The connection could not be restored.

Session expired

The server has moved on; the page needs a fresh start.